PL
BOSTON PATRIOTS @ VANCOUVER GREY WOLVES
08/18/2034
 
TOP OF THE 1ST
Boston Patriots batting - Pitching for Vancouver Grey Wolves : RHP John Dempsey
Pitching: RHP John Dempsey
Batting: LHB Stanley Belote 0-0: Ball
1-0: Called Strike
1-1: Ball
2-1: Ball
3-1: Base on Balls
Batting: LHB Manuel Carmona 0-0: Ball
1-0: DOUBLE (Line Drive, 8LXD)
Stanley Belote to third
Runner from 3rd tries for Home, SAFE, no throw
Batting: SHB Edward Sterrenburg 0-0: Ball
1-0: Foul Ball, location: 2F
1-1: Fly out, F8 (Flyball, 8LD)
Runner from 2nd tags up, SAFE at 3rd with throw
Batting: RHB Anselmo Berneu 0-0: Called Strike
0-1: Fly out, F2 (Popup, 23F)
Batting: LHB Jorge Alejándrez 0-0: Ball
1-0: Called Strike
1-1: Ball
2-1: Fly out, F7 (Flyball, 7LS)
Top of the 1st over - 1 run, 1 hit, 0 errors, 1 left on base; Boston 1 - Vancouver 0
BOTTOM OF THE 1ST
Vancouver Grey Wolves batting - Pitching for Boston Patriots : RHP Sam Mooney
Pitching: RHP Sam Mooney
Batting: RHB Urs van Munster 0-0: Ground out 6-3 (Groundball, 6)
Batting: RHB Hugh Mungus 0-0: Ball
1-0: Foul Ball, location: 2F
1-1: Fly out, F6 (Line Drive, 6)
Batting: LHB Johan Kroening 0-0: Ball
1-0: SINGLE (Line Drive, 89M)
Batting: RHB Iván Vega 0-0: Called Strike
0-1: Ball
1-1: Ground out 6-3 (Groundball, 56)
Bottom of the 1st over - 0 runs, 1 hit, 0 errors, 1 left on base; Boston 1 - Vancouver 0
TOP OF THE 2ND
Boston Patriots batting - Pitching for Vancouver Grey Wolves : RHP John Dempsey
Batting: RHB Dennis Wacher 0-0: DOUBLE (Line Drive, 5D)
Batting: LHB Adrián Gómez 0-0: Fly out, F8 (Flyball, 8RM)
Batting: LHB Juan Alvarado 0-0: Ball
1-0: Ground out 6-3 (Groundball, 6)
Dennis Wacher to third
Batting: RHB Yu-shu Kang 0-0: Called Strike
0-1: Swinging Strike
0-2: Foul Ball, location: 2F
0-2: Ball
1-2: Ball
2-2: Foul Ball, location: 2F
2-2: Strikes out swinging
Top of the 2nd over - 0 runs, 1 hit, 0 errors, 1 left on base; Boston 1 - Vancouver 0
BOTTOM OF THE 2ND
Vancouver Grey Wolves batting - Pitching for Boston Patriots : RHP Sam Mooney
Batting: LHB Michael Malloy 0-0: Fly out, F7 (Flyball, 7S)
Batting: RHB Ángelo Delgado 0-0: Ball
1-0: Ball
2-0: SOLO HOME RUN (Flyball, 7LD), Distance : 331 ft
Batting: LHB Gerardo Ponce de Leon 0-0: Ball
1-0: Ball
2-0: Ball
3-0: Base on Balls
Batting: LHB Michael Ward 0-0: Fielders Choice at 2nd, 4-6 (Groundball, 4)
Batting: RHB Gabriel Hernández 0-0: Called Strike
Michael Ward steals 2nd base
0-1: Ball
1-1: Foul Ball, location: 2F
1-2: Ball
2-2: Foul Ball, location: 2F
2-2: Ground out U3 (Groundball, 3)
Bottom of the 2nd over - 1 run, 1 hit, 0 errors, 1 left on base; Boston 1 - Vancouver 1
TOP OF THE 3RD
Boston Patriots batting - Pitching for Vancouver Grey Wolves : RHP John Dempsey
Batting: LHB Stanley Belote 0-0: Fly out, F8 (Flyball, 8LXD)
Batting: LHB Manuel Carmona 0-0: Ball
1-0: Called Strike
1-1: DOUBLE (Line Drive, 7LS)
Batting: SHB Edward Sterrenburg 0-0: Foul Ball, location: 2F
0-1: Called Strike
0-2: DOUBLE (Line Drive, 9LM)
Manuel Carmona scores
Batting: RHB Anselmo Berneu 0-0: Ball
1-0: Ball
2-0: Called Strike
2-1: Fly out, F8 (Flyball, 8RD)
Runner from 2nd tags up, OUT at 3rd
Top of the 3rd over - 1 run, 2 hits, 0 errors, 0 left on base; Boston 2 - Vancouver 1
BOTTOM OF THE 3RD
Vancouver Grey Wolves batting - Pitching for Boston Patriots : RHP Sam Mooney
Batting: RHB Urs van Munster 0-0: Called Strike
0-1: Foul Ball, location: 2F
0-2: Foul Ball, location: 2F
0-2: Ball
1-2: Ball
2-2: Fly out, F6 (Line Drive, 6M)
Batting: RHB Hugh Mungus 0-0: Ball
1-0: Called Strike
1-1: Ball
2-1: Foul Ball, location: 2F
2-2: Ground out 5-3 (Groundball, 56)
Batting: LHB Johan Kroening 0-0: Ball
1-0: Fly out, F9 (Flyball, 9S)
Bottom of the 3rd over - 0 runs, 0 hits, 0 errors, 0 left on base; Boston 2 - Vancouver 1
TOP OF THE 4TH
Boston Patriots batting - Pitching for Vancouver Grey Wolves : RHP John Dempsey
Batting: LHB Jorge Alejándrez 0-0: Ball
1-0: Ball
2-0: Called Strike
2-1: Ball
3-1: Base on Balls
Batting: RHB Dennis Wacher 0-0: Called Strike
0-1: Ball
1-1: Ball
2-1: Called Strike
2-2: Strikes out looking
Batting: LHB Adrián Gómez 0-0: Called Strike
Jorge Alejándrez steals 2nd base
0-1: Ball
Jorge Alejándrez steals 3rd base
1-1: Swinging Strike
1-2: Strikes out swinging
Batting: LHB Juan Alvarado 0-0: Called Strike
0-1: Called Strike
0-2: Strikes out swinging
Top of the 4th over - 0 runs, 0 hits, 0 errors, 1 left on base; Boston 2 - Vancouver 1
BOTTOM OF THE 4TH
Vancouver Grey Wolves batting - Pitching for Boston Patriots : RHP Sam Mooney
Batting: RHB Iván Vega 0-0: Foul Ball, location: 2F
0-1: Ball
1-1: Foul Ball, location: 2F
1-2: Ground out 5-3 (Groundball, 56)
Batting: LHB Michael Malloy 0-0: Ball
1-0: Called Strike
1-1: Foul Ball, location: 2F
1-2: Ground out 5-3 (Groundball, 56)
Batting: RHB Ángelo Delgado 0-0: Called Strike
0-1: Called Strike
0-2: Strikes out swinging
Bottom of the 4th over - 0 runs, 0 hits, 0 errors, 0 left on base; Boston 2 - Vancouver 1
TOP OF THE 5TH
Boston Patriots batting - Pitching for Vancouver Grey Wolves : RHP John Dempsey
Batting: RHB Yu-shu Kang 0-0: Called Strike
0-1: Fly out, F4 (Line Drive, 4)
Batting: LHB Stanley Belote 0-0: Ball
1-0: Ball
2-0: Called Strike
2-1: Ground out 5-3 (Groundball, 5)
Batting: LHB Manuel Carmona 0-0: Foul Ball, location: 2F
0-1: Ball
1-1: SOLO HOME RUN (Flyball, 7LD), Distance : 327 ft
Batting: SHB Edward Sterrenburg 0-0: Ball
1-0: Ground out 6-3 (Groundball, 6)
Top of the 5th over - 1 run, 1 hit, 0 errors, 0 left on base; Boston 3 - Vancouver 1
BOTTOM OF THE 5TH
Vancouver Grey Wolves batting - Pitching for Boston Patriots : RHP Sam Mooney
Batting: LHB Gerardo Ponce de Leon 0-0: Fly out, F8 (Flyball, 8RM)
Batting: LHB Michael Ward 0-0: Swinging Strike
0-1: Ball
1-1: Foul Ball, location: 2F
1-2: Ball
2-2: SINGLE (Groundball, 34D)
Batting: RHB Gabriel Hernández 0-0: Ball
1-0: Grounds into double play, 6-4-3 (Groundball, 6)
Bottom of the 5th over - 0 runs, 1 hit, 0 errors, 0 left on base; Boston 3 - Vancouver 1
TOP OF THE 6TH
Boston Patriots batting - Pitching for Vancouver Grey Wolves : RHP John Dempsey
Batting: RHB Anselmo Berneu 0-0: Ball
1-0: Called Strike
1-1: Called Strike
1-2: Ball
2-2: Foul Ball, location: 2F
2-2: Strikes out swinging
Batting: LHB Jorge Alejándrez 0-0: Ball
1-0: Ball
2-0: Fly out, F8 (Flyball, 78M)
Batting: RHB Dennis Wacher 0-0: Foul Ball, location: 2F
0-1: SINGLE (Groundball, 15S) (infield hit)
Batting: LHB Adrián Gómez 0-0: Called Strike
Dennis Wacher steals 2nd base
0-1: Ball
1-1: Fly out, F8 (Flyball, 8RXD)
Top of the 6th over - 0 runs, 1 hit, 0 errors, 1 left on base; Boston 3 - Vancouver 1
BOTTOM OF THE 6TH
Vancouver Grey Wolves batting - Pitching for Boston Patriots : RHP Sam Mooney
Batting: RHB Urs van Munster 0-0: Ball
1-0: Called Strike
1-1: Ball
2-1: Foul Ball, location: 2F
2-2: Ground out 5-3 (Groundball, 5)
Batting: RHB Hugh Mungus 0-0: Ball
1-0: Ball
2-0: Fly out, F7 (Line Drive, 7D)
Batting: LHB Johan Kroening 0-0: Called Strike
0-1: Fly out, F9 (Flyball, 9LS)
Bottom of the 6th over - 0 runs, 0 hits, 0 errors, 0 left on base; Boston 3 - Vancouver 1
TOP OF THE 7TH
Boston Patriots batting - Pitching for Vancouver Grey Wolves : RHP John Dempsey
Batting: LHB Juan Alvarado 0-0: Ground out 6-3 (Groundball, 6M)
Batting: RHB Yu-shu Kang 0-0: Ball
1-0: Called Strike
1-1: Ball
2-1: Foul Ball, location: 2F
2-2: Ground out 6-3 (Groundball, 6)
Batting: LHB Stanley Belote 0-0: Ball
1-0: Called Strike
1-1: Ground out 4-3 (Groundball, 4D)
Top of the 7th over - 0 runs, 0 hits, 0 errors, 0 left on base; Boston 3 - Vancouver 1
BOTTOM OF THE 7TH
Vancouver Grey Wolves batting - Pitching for Boston Patriots : RHP Sam Mooney
Batting: RHB Iván Vega 0-0: Called Strike
0-1: SINGLE (Flyball, 7S)
Batting: LHB Michael Malloy 0-0: Called Strike
0-1: Called Strike
0-2: Ball
1-2: Foul Ball, location: 2F
1-2: Ball
2-2: Ball
3-2: Base on Balls
Iván Vega to second
Pitching: RHP Rick Converse
Batting: RHB Ángelo Delgado 0-0: Ball
1-0: Ball
Wild Pitch!
Iván Vega to third
Michael Malloy to second
2-0: Foul Ball, location: 2F
2-1: Ground out 4-3 (Groundball, 4)
Batting: LHB Gerardo Ponce de Leon 0-0: Ball
1-0: Fly out, F9 (Flyball, 89M)
Runner from 3rd tags up, OUT at HOME
Bottom of the 7th over - 0 runs, 1 hit, 0 errors, 1 left on base; Boston 3 - Vancouver 1
TOP OF THE 8TH
Boston Patriots batting - Pitching for Vancouver Grey Wolves : RHP John Dempsey
Batting: LHB Manuel Carmona 0-0: Ground out 5-3 (Groundball, 56S)
Batting: SHB Edward Sterrenburg 0-0: Ball
1-0: Swinging Strike
1-1: Foul Ball, location: 2F
1-2: Ball
2-2: Strikes out looking
Batting: RHB Anselmo Berneu 0-0: Ground out 5-3 (Groundball, 56S)
Top of the 8th over - 0 runs, 0 hits, 0 errors, 0 left on base; Boston 3 - Vancouver 1
BOTTOM OF THE 8TH
Vancouver Grey Wolves batting - Pitching for Boston Patriots : RHP Rick Converse
Batting: LHB Michael Ward 0-0: Ball
1-0: Foul Ball, location: 2F
1-1: Foul Ball, location: 2F
1-2: Ground out 4-3 (Groundball, 4)
Batting: RHB Gabriel Hernández 0-0: Ball
1-0: Ball
2-0: Ball
3-0: Called Strike
3-1: Fly out, F5 (Line Drive, 56)
Batting: RHB Urs van Munster 0-0: Called Strike
0-1: Foul Ball, location: 2F
0-2: Ball
1-2: SINGLE (Groundball, 56S) (infield hit)
Batting: RHB Hugh Mungus 0-0: Foul Ball, location: 2F
0-1: Foul Ball, location: 2F
0-2: Ball
1-2: Strikes out looking
Bottom of the 8th over - 0 runs, 1 hit, 0 errors, 1 left on base; Boston 3 - Vancouver 1
TOP OF THE 9TH
Boston Patriots batting - Pitching for Vancouver Grey Wolves : RHP John Dempsey
Batting: LHB Jorge Alejándrez 0-0: Ground out 4-3 (Groundball, 4M)
Batting: RHB Dennis Wacher 0-0: Ball
1-0: Ball
2-0: Ball
3-0: Foul Ball, location: 2F
3-1: Base on Balls
Pitching: LHP Sjaak Bonne
Batting: LHB Adrián Gómez 0-0: Reached on error, E6 (Groundball, 6M)
Dennis Wacher to second
Pinch Hitting: RHB Kantaro Taniguchi 0-0: Ball
1-0: Ball
2-0: Fly out, F8 (Line Drive, 8LXD)
Runner from 2nd tags up, SAFE at 3rd, no throw
Batting: RHB Yu-shu Kang 0-0: Fly out, F8 (Line Drive, 78D)
Top of the 9th over - 0 runs, 0 hits, 1 error, 2 left on base; Boston 3 - Vancouver 1
BOTTOM OF THE 9TH
Vancouver Grey Wolves batting - Pitching for Boston Patriots : RHP Rick Converse
Pitching: LHP Leo Ingelbrigtsen
Now at 3B: Kantaro Taniguchi
Batting: LHB Johan Kroening 0-0: Foul Ball, location: 2F
0-1: Foul Ball, location: 2F
0-2: SINGLE (Line Drive, 7S)
Batting: RHB Iván Vega 0-0: Ball
1-0: Fly out, F7 (Flyball, 7S)
Batting: LHB Michael Malloy 0-0: Ball
1-0: Called Strike
1-1: Ball
2-1: Ball
3-1: Called Strike
3-2: Strikes out looking
Batting: RHB Ángelo Delgado 0-0: Called Strike
0-1: Foul Ball, location: 2F
0-2: Strikes out swinging
Bottom of the 9th over - 0 runs, 1 hit, 0 errors, 1 left on base; Boston 3 - Vancouver 1
Friday, March 29th, 2019 - OOTP Baseball 18.8 Build 76